| TOP OF THE 1ST |
|
Cocoa Flyers batting - Pitching for Miami Whales : RHP Jose Reyes
|
|
Pitching: RHP Jose Reyes
|
|
|
Batting: RHB Danny Arroyo
|
0-0: Called Strike 0-1: Called Strike 0-2: Ball 1-2: Ball 2-2: Ground out 5-3 (Groundball, 56, EV 85.6 MPH)
|
|
Batting: RHB Lorenzo Quintanilla
|
0-0: Ball 1-0: Foul Ball, location: 2F 1-1: Ball 2-1: Foul Ball, location: 2F 2-2: Ground out 6-3 (Groundball, 6, EV 94.4 MPH)
|
|
Batting: LHB Mike Jones
|
0-0: Ball 1-0: Ball 2-0: Called Strike 2-1: Ball 3-1: Base on Balls
|
|
Batting: LHB Gary Robertson
|
0-0: Ball 1-0: Called Strike Mike Jones steals 2nd base 1-1: Foul Ball, location: 2F 1-2: Ball 2-2: Foul Ball, location: 2F 2-2: Foul Ball, location: 2F 2-2: Fly out, F7 (Flyball, 78D, EV 90.6 MPH)
|
| Top of the 1st over - 0 runs, 0 hits, 0 errors, 1 left on base; Cocoa 0 - Miami 0 |
| BOTTOM OF THE 1ST |
|
Miami Whales batting - Pitching for Cocoa Flyers : RHP Carlos Games
|
|
Pitching: RHP Carlos Games
|
|
|
Batting: SHB Ramon Alcantara
|
0-0: Ball 1-0: Ball 2-0: Foul Ball, location: 2F 2-1: Foul Ball, location: 2F 2-2: Foul Ball, location: 2F 2-2: Ball 3-2: Base on Balls
|
|
Batting: RHB Donald Hubbard
|
0-0: Ball Ramon Alcantara steals 2nd base 1-0: Ground out 6-3 (Groundball, 6, EV 89.4 MPH) Ramon Alcantara to third
|
|
Batting: RHB Tom Grant
|
0-0: Ball 1-0: Called Strike 1-1: Foul Ball, location: 2F 1-2: Ball 2-2: Ball 3-2: Strikes out swinging
|
|
Batting: LHB Lorenzo Bundy
|
0-0: Swinging Strike 0-1: Swinging Strike 0-2: Ball 1-2: Ball 2-2: Foul Ball, location: 2F 2-2: Foul Ball, location: 2F 2-2: Fly out, F8 (Line Drive, 8LM, EV 92.5 MPH)
|
| Bottom of the 1st over - 0 runs, 0 hits, 0 errors, 1 left on base; Cocoa 0 - Miami 0 |
| TOP OF THE 2ND |
|
Cocoa Flyers batting - Pitching for Miami Whales : RHP Jose Reyes
|
|
Batting: RHB Larry McNutt
|
0-0: Ball 1-0: Called Strike 1-1: Fly out, F8 (Flyball, 89M, EV 88.1 MPH)
|
|
Batting: SHB Rick Lockwood
|
0-0: Foul Ball, location: 2F 0-1: Foul Ball, location: 2F 0-2: Strikes out swinging
|
|
Batting: RHB Jorge Diaz
|
0-0: Foul Ball, location: 2F 0-1: Ball 1-1: Swinging Strike 1-2: Strikes out swinging
|
| Top of the 2nd over - 0 runs, 0 hits, 0 errors, 0 left on base; Cocoa 0 - Miami 0 |
| BOTTOM OF THE 2ND |
|
Miami Whales batting - Pitching for Cocoa Flyers : RHP Carlos Games
|
|
Batting: RHB Steve Benson
|
0-0: Ball 1-0: Ball 2-0: Called Strike 2-1: Ball 3-1: Called Strike 3-2: Foul Ball, location: 2F 3-2: Fly out, F7 (Flyball, 78S, EV 91.9 MPH)
|
|
Batting: RHB Ramon Cardenas
|
0-0: Ball 1-0: Swinging Strike 1-1: Fly out, F6 (Flyball, 56D, EV 83.8 MPH)
|
|
Batting: RHB Patrick Rubino
|
0-0: Called Strike 0-1: Foul Ball, location: 2F 0-2: Ball 1-2: Ground out 1-3 (Groundball, 15S, EV 65.0 MPH)
|
| Bottom of the 2nd over - 0 runs, 0 hits, 0 errors, 0 left on base; Cocoa 0 - Miami 0 |
| TOP OF THE 3RD |
|
Cocoa Flyers batting - Pitching for Miami Whales : RHP Jose Reyes
|
|
Batting: RHB Charles Fick
|
0-0: Ball 1-0: Ball 2-0: Foul Ball, location: 2F 2-1: Foul Ball, location: 2F 2-2: DOUBLE (Flyball, 78XD, EV 103.8 MPH)
|
|
Batting: RHB Miguel Dominguez
|
0-0: Fly out, F8 (Line Drive, 8RD, EV 96.3 MPH)
|
|
Batting: RHB Danny Arroyo
|
0-0: Foul Ball, location: 2F 0-1: Ball 1-1: SINGLE (Groundball, 6S, EV 71.3 MPH) (infield hit) Charles Fick to third
|
|
Batting: RHB Lorenzo Quintanilla
|
0-0: Called Strike 0-1: Ball 1-1: Ball 2-1: Ball 3-1: Fly out, F7 (Flyball, 78D, EV 98.8 MPH) Runner from 3rd tags up, SCORES, throw by LF
|
|
Batting: LHB Mike Jones
|
0-0: SINGLE (Flyball, 56D, EV 80.6 MPH) Danny Arroyo to second
|
|
Batting: LHB Gary Robertson
|
0-0: Swinging Strike 0-1: Foul Ball, location: 2F 0-2: Foul Ball, location: 2F 0-2: Ball 1-2: Strikes out looking
|
| Top of the 3rd over - 1 run, 3 hits, 0 errors, 2 left on base; Cocoa 1 - Miami 0 |
| BOTTOM OF THE 3RD |
|
Miami Whales batting - Pitching for Cocoa Flyers : RHP Carlos Games
|
|
Batting: SHB Philip Rossi
|
0-0: Called Strike 0-1: Swinging Strike 0-2: Ball 1-2: Ball 2-2: Hit by Pitch
|
|
Batting: RHB Jonathan Cordova
|
0-0: Ball 1-0: Foul Ball, location: 2F 1-1: Ball 2-1: 2-RUN HOME RUN (Flyball, 7LD, EV 95.0 MPH), Distance : 357 ft
|
|
Batting: SHB Ramon Alcantara
|
0-0: Ball 1-0: Ball 2-0: Ball 3-0: Base on Balls
|
|
Batting: RHB Donald Hubbard
|
0-0: Ball 1-0: Ball 2-0: Fly out, F8 (Line Drive, 8RM, EV 98.1 MPH)
|
|
Batting: RHB Tom Grant
|
0-0: Called Strike 0-1: SINGLE (Line Drive, 8LS, EV 103.1 MPH) Ramon Alcantara to second
|
|
Batting: LHB Lorenzo Bundy
|
0-0: Ground out 4-3 (Groundball, 34D, EV 81.9 MPH) Ramon Alcantara to third Tom Grant to second
|
|
Batting: RHB Steve Benson
|
0-0: Ball 1-0: Ball 2-0: Ball 3-0: Called Strike 3-1: Foul Ball, location: 2F 3-2: Base on Balls
|
|
Batting: RHB Ramon Cardenas
|
0-0: Called Strike 0-1: SINGLE (Groundball, 25, EV 74.4 MPH) (infield hit) Ramon Alcantara scores Tom Grant to third Steve Benson to second
|
|
Batting: RHB Patrick Rubino
|
0-0: Called Strike 0-1: Fielders Choice at 2nd, 6-4 (Groundball, 6, EV 93.8 MPH)
|
| Bottom of the 3rd over - 3 runs, 3 hits, 0 errors, 3 left on base; Cocoa 1 - Miami 3 |
| TOP OF THE 4TH |
|
Cocoa Flyers batting - Pitching for Miami Whales : RHP Jose Reyes
|
|
Batting: RHB Larry McNutt
|
0-0: Hit by Pitch
|
|
Batting: SHB Rick Lockwood
|
0-0: Ball 1-0: Ball 2-0: Called Strike Larry McNutt steals 2nd base 2-1: Foul Ball, location: 2F 2-2: Foul Ball, location: 2F 2-2: Ground out 5-3 (Groundball, 25, EV 86.3 MPH)
|
|
Batting: RHB Jorge Diaz
|
0-0: Ball Larry McNutt steals 3rd base 1-0: Fly out, F9 (Flyball, 9LS, EV 96.9 MPH)
|
|
Batting: RHB Charles Fick
|
0-0: Ball 1-0: Ball 2-0: Ball 3-0: Swinging Strike 3-1: Base on Balls
|
|
Batting: RHB Miguel Dominguez
|
0-0: Ball 1-0: Called Strike 1-1: Ball 2-1: Ball 3-1: Ground out 4-3 (Groundball, 4S, EV 69.4 MPH)
|
| Top of the 4th over - 0 runs, 0 hits, 0 errors, 2 left on base; Cocoa 1 - Miami 3 |
| BOTTOM OF THE 4TH |
|
Miami Whales batting - Pitching for Cocoa Flyers : RHP Carlos Games
|
|
Batting: SHB Philip Rossi
|
0-0: Called Strike 0-1: Foul Ball, location: 2F 0-2: SINGLE (Groundball, 34D, EV 106.3 MPH)
|
|
Batting: RHB Jonathan Cordova
|
0-0: Swinging Strike 0-1: Ball 1-1: Foul Ball, location: 2F 1-2: DOUBLE (Line Drive, 78D, EV 108.8 MPH) Philip Rossi to third
|
|
Batting: SHB Ramon Alcantara
|
0-0: Ball Passed Ball! Philip Rossi scores Jonathan Cordova to third 1-0: Called Strike 1-1: Ball 2-1: Fly out, F9 (Flyball, 9S, EV 67.5 MPH)
|
|
Batting: RHB Donald Hubbard
|
0-0: Fly out, F9 (Flyball, 89S, EV 91.3 MPH)
|
|
Batting: RHB Tom Grant
|
0-0: Called Strike 0-1: Ball 1-1: Fly out, F4 (Popup, 23, EV 90.6 MPH)
|
| Bottom of the 4th over - 1 run, 2 hits, 0 errors, 1 left on base; Cocoa 1 - Miami 4 |
| TOP OF THE 5TH |
|
Cocoa Flyers batting - Pitching for Miami Whales : RHP Jose Reyes
|
|
Batting: RHB Danny Arroyo
|
0-0: Swinging Strike 0-1: Foul Ball, location: 2F 0-2: Ball 1-2: Ball 2-2: Ball 3-2: SINGLE (Groundball, 56D, EV 105.0 MPH)
|
|
Batting: RHB Lorenzo Quintanilla
|
0-0: Bunt missed! 0-1: Sac Bunt to 3S - play at first, batter OUT! 3-4 Danny Arroyo to second
|
|
Batting: LHB Mike Jones
|
0-0: Ball 1-0: Ball 2-0: Called Strike 2-1: Ball 3-1: Base on Balls
|
|
Batting: LHB Gary Robertson
|
0-0: Called Strike Danny Arroyo steals 3rd base 0-1: SINGLE (Groundball, 34D, EV 99.4 MPH) Danny Arroyo scores Mike Jones to second Runner from 2nd tries for 3rd, SAFE, throw by RF made to third
|
|
Batting: RHB Larry McNutt
|
0-0: Ground out U3 (Groundball, 34S, EV 86.3 MPH) Gary Robertson to second
|
|
Batting: SHB Rick Lockwood
|
0-0: Ball 1-0: Foul Ball, location: 2F 1-1: Swinging Strike 1-2: Ball 2-2: Ball 3-2: Strikes out looking
|
| Top of the 5th over - 1 run, 2 hits, 0 errors, 2 left on base; Cocoa 2 - Miami 4 |
| BOTTOM OF THE 5TH |
|
Miami Whales batting - Pitching for Cocoa Flyers : RHP Carlos Games
|
|
Batting: LHB Lorenzo Bundy
|
0-0: Ball 1-0: Swinging Strike 1-1: Ball 2-1: SINGLE (Groundball, 4MD, EV 97.5 MPH)
|
|
Batting: RHB Steve Benson
|
0-0: Foul Ball, location: 2F 0-1: Ball 1-1: DOUBLE (Flyball, 89XD, EV 107.5 MPH) Lorenzo Bundy to third
|
|
Batting: RHB Ramon Cardenas
|
0-0: SINGLE (Groundball, 56, EV 94.4 MPH) Lorenzo Bundy scores Steve Benson to third Runner from 3rd tries for Home, SAFE, throw by LF to home Ramon Cardenas to second
|
|
Pitching: RHP Timothy Zeuch
|
|
|
Batting: RHB Patrick Rubino
|
0-0: Foul Ball, location: 2F 0-1: Ball 1-1: Ball 2-1: Foul Ball, location: 2F 2-2: Fly out, F8 (Flyball, 8RS, EV 73.8 MPH)
|
|
Batting: SHB Philip Rossi
|
0-0: Ball 1-0: Ball 2-0: Ball 3-0: Base on Balls
|
|
Batting: RHB Jonathan Cordova
|
0-0: Grounds into double play, 6-4-3 (Groundball, 6, EV 101.3 MPH)
|
| Bottom of the 5th over - 2 runs, 3 hits, 0 errors, 1 left on base; Cocoa 2 - Miami 6 |
| TOP OF THE 6TH |
|
Cocoa Flyers batting - Pitching for Miami Whales : RHP Jose Reyes
|
|
Batting: RHB Jorge Diaz
|
0-0: Called Strike 0-1: Ball 1-1: Swinging Strike 1-2: Ball 2-2: SINGLE (Groundball, 34D, EV 105.0 MPH)
|
|
Batting: RHB Charles Fick
|
0-0: Called Strike 0-1: SINGLE (Groundball, 4MD, EV 105.6 MPH) Jorge Diaz to second Runner from 2nd tries for 3rd, SAFE, throw by CF made to third
|
|
Batting: RHB Miguel Dominguez
|
0-0: Called Strike 0-1: Ball 1-1: Swinging Strike 1-2: Foul Ball, location: 2F 1-2: Ball 2-2: Foul Ball, location: 2F 2-2: DOUBLE (Line Drive, 89M, EV 106.9 MPH) Jorge Diaz scores Charles Fick to third Runner from 3rd tries for Home, SAFE, throw by RF to trailing runner, SAFE at third!
|
|
Batting: RHB Danny Arroyo
|
0-0: Ball 1-0: Ball 2-0: Called Strike 2-1: DOUBLE (Line Drive, 7LM, EV 96.9 MPH) Miguel Dominguez scores
|
|
Batting: RHB Lorenzo Quintanilla
|
0-0: Called Strike Danny Arroyo steals 3rd base 0-1: Ball 1-1: Ball 2-1: Ground out 1-3 (Groundball, 15S, EV 60.6 MPH)
|
|
Batting: LHB Mike Jones
|
0-0: Foul Ball, location: 2F 0-1: Called Strike 0-2: Ball 1-2: Ball 2-2: Ball 3-2: Reached on error, E6 (Groundball, 6, EV 92.5 MPH) Danny Arroyo scores
|
|
Batting: LHB Gary Robertson
|
0-0: Ball 1-0: Foul Ball, location: 2F 1-1: Ball 2-1: Ball 3-1: Base on Balls
|
|
Batting: RHB Larry McNutt
|
0-0: Called Strike Mike Jones steals 3rd base Gary Robertson to second 0-1: Foul Ball, location: 2F 0-2: Strikes out swinging
|
|
Batting: SHB Rick Lockwood
|
0-0: Ball 1-0: Ground out 3-1 (Groundball, 34S, EV 89.4 MPH)
|
| Top of the 6th over - 4 runs, 4 hits, 1 error, 2 left on base; Cocoa 6 - Miami 6 |
| BOTTOM OF THE 6TH |
|
Miami Whales batting - Pitching for Cocoa Flyers : RHP Timothy Zeuch
|
|
Batting: SHB Ramon Alcantara
|
0-0: Ball 1-0: Swinging Strike 1-1: Ball 2-1: Ball 3-1: Fly out, F8 (Flyball, 8LD, EV 97.5 MPH)
|
|
Batting: RHB Donald Hubbard
|
0-0: Called Strike 0-1: Ball 1-1: Called Strike 1-2: Foul Ball, location: 2F 1-2: Ball 2-2: Ground out 4-3 (Groundball, 4M, EV 91.9 MPH)
|
|
Batting: RHB Tom Grant
|
0-0: Swinging Strike 0-1: Ball 1-1: Fly out, F9 (Flyball, 9, EV 78.1 MPH)
|
| Bottom of the 6th over - 0 runs, 0 hits, 0 errors, 0 left on base; Cocoa 6 - Miami 6 |
| TOP OF THE 7TH |
|
Cocoa Flyers batting - Pitching for Miami Whales : RHP Jose Reyes
|
|
Batting: RHB Jorge Diaz
|
0-0: Called Strike 0-1: Foul Ball, location: 2F 0-2: Ball 1-2: Strikes out swinging
|
|
Batting: RHB Charles Fick
|
0-0: Ball 1-0: Ball 2-0: Called Strike 2-1: Ball 3-1: Base on Balls
|
|
Pitching: RHP Michael Befort
|
|
|
Batting: RHB Miguel Dominguez
|
0-0: Fly out, F8 (Flyball, 8LD, EV 93.1 MPH)
|
|
Batting: RHB Danny Arroyo
|
0-0: Called Strike 0-1: Ball 1-1: Foul Ball, location: 2F 1-2: Fielders Choice at 2nd, 6-4 (Groundball, 6, EV 86.3 MPH)
|
| Top of the 7th over - 0 runs, 0 hits, 0 errors, 1 left on base; Cocoa 6 - Miami 6 |
| BOTTOM OF THE 7TH |
|
Miami Whales batting - Pitching for Cocoa Flyers : RHP Timothy Zeuch
|
|
Batting: LHB Lorenzo Bundy
|
0-0: Fly out, F7 (Line Drive, 7D, EV 96.9 MPH)
|
|
Batting: RHB Steve Benson
|
0-0: SINGLE (Flyball, 56D, EV 91.9 MPH)
|
|
Pitching: RHP Kenneth Rabun
|
|
|
Batting: RHB Ramon Cardenas
|
0-0: Ball 1-0: Called Strike Steve Benson steals 2nd base 1-1: Ground out 4-3 (Groundball, 4, EV 98.8 MPH) Steve Benson to third
|
|
Batting: RHB Patrick Rubino
|
0-0: Ground out 6-3 (Groundball, 6S, EV 78.1 MPH)
|
| Bottom of the 7th over - 0 runs, 1 hit, 0 errors, 1 left on base; Cocoa 6 - Miami 6 |
| TOP OF THE 8TH |
|
Cocoa Flyers batting - Pitching for Miami Whales : RHP Michael Befort
|
|
Batting: RHB Lorenzo Quintanilla
|
0-0: Ball 1-0: Foul Ball, location: 2F 1-1: Swinging Strike 1-2: Ball 2-2: Foul Ball, location: 2F 2-2: Strikes out looking
|
|
Batting: LHB Mike Jones
|
0-0: Foul Ball, location: 2F 0-1: Ball 1-1: Ball 2-1: Ground out 6-3 (Groundball, 6, EV 82.5 MPH)
|
|
Batting: LHB Gary Robertson
|
0-0: Ball 1-0: Called Strike 1-1: Ground out 1-3 (Groundball, 15S, EV 66.3 MPH)
|
| Top of the 8th over - 0 runs, 0 hits, 0 errors, 0 left on base; Cocoa 6 - Miami 6 |
| BOTTOM OF THE 8TH |
|
Miami Whales batting - Pitching for Cocoa Flyers : RHP Kenneth Rabun
|
|
Batting: SHB Philip Rossi
|
0-0: Called Strike 0-1: Ball 1-1: Fly out, F9 (Flyball, 89S, EV 80.0 MPH)
|
|
Batting: RHB Jonathan Cordova
|
0-0: Ground out 6-3 (Groundball, 6, EV 107.5 MPH)
|
|
Batting: SHB Ramon Alcantara
|
0-0: Ball 1-0: Ball 2-0: Called Strike 2-1: SINGLE (Line Drive, 8RS, EV 95.6 MPH)
|
|
Batting: RHB Donald Hubbard
|
0-0: Ball 1-0: Ball 2-0: Called Strike 2-1: Ball 3-1: Fly out, F5 (Popup, 25, EV 83.8 MPH)
|
| Bottom of the 8th over - 0 runs, 1 hit, 0 errors, 1 left on base; Cocoa 6 - Miami 6 |
| TOP OF THE 9TH |
|
Cocoa Flyers batting - Pitching for Miami Whales : RHP Michael Befort
|
|
Batting: RHB Larry McNutt
|
0-0: SINGLE (Groundball, 6D, EV 102.5 MPH)
|
|
Batting: SHB Rick Lockwood
|
0-0: Ball 1-0: Foul Ball, location: 2F 1-1: Foul Ball, location: 2F 1-2: Strikes out looking
|
|
Batting: RHB Jorge Diaz
|
0-0: Ball 1-0: Sac Bunt to P - play at first, batter OUT! 1-4 Larry McNutt to second
|
|
Batting: RHB Charles Fick
|
0-0: Ball 1-0: Called Strike 1-1: Foul Ball, location: 2F 1-2: Ball 2-2: Ball 3-2: Strikes out looking
|
| Top of the 9th over - 0 runs, 1 hit, 0 errors, 1 left on base; Cocoa 6 - Miami 6 |
| BOTTOM OF THE 9TH |
|
Miami Whales batting - Pitching for Cocoa Flyers : RHP Kenneth Rabun
|
|
Batting: RHB Tom Grant
|
0-0: Swinging Strike 0-1: Called Strike 0-2: Ball 1-2: SINGLE (Line Drive, 5D, EV 98.1 MPH)
|
|
Batting: LHB Lorenzo Bundy
|
0-0: Ball 1-0: Ball 2-0: Fly out, F9 (Flyball, 89S, EV 85.0 MPH)
|
|
Batting: RHB Steve Benson
|
0-0: Called Strike 0-1: Called Strike 0-2: Foul Ball, location: 2F 0-2: Ball 1-2: Ball 2-2: Ball 3-2: Foul Ball, location: 2F 3-2: Strikes out looking
|
|
Pitching: LHP Clifford Mackey
|
|
|
Batting: RHB Ramon Cardenas
|
0-0: Ball 1-0: Ground out 4-3 (Groundball, 4, EV 86.3 MPH)
|
| Bottom of the 9th over - 0 runs, 1 hit, 0 errors, 1 left on base; Cocoa 6 - Miami 6 |
| TOP OF THE 10TH |
|
Cocoa Flyers batting - Pitching for Miami Whales : RHP Michael Befort
|
|
Pitching: LHP Wilfredo Flores
|
|
|
Batting: RHB Miguel Dominguez
|
0-0: Called Strike 0-1: Fly out, F8 (Line Drive, 8LD, EV 103.8 MPH)
|
|
Batting: RHB Danny Arroyo
|
0-0: Called Strike 0-1: Ball 1-1: Fly out, F8 (Flyball, 8RM, EV 83.8 MPH)
|
|
Batting: RHB Lorenzo Quintanilla
|
0-0: Ball 1-0: Called Strike 1-1: Ball 2-1: Swinging Strike 2-2: Foul Ball, location: 2F 2-2: Ground out 6-3 (Groundball, 6, EV 95.0 MPH)
|
| Top of the 10th over - 0 runs, 0 hits, 0 errors, 0 left on base; Cocoa 6 - Miami 6 |
|